 Dungeon Crawl Stone Soup version 0.25-a0-719-gde951dce62 (webtiles) character file.

Game seed: 17879165365489101051, levelgen mode: deterministic

3161 kae the Grappler (level 9, -18/64 HPs)
             Began as a Red Draconian Transmuter on Apr 6, 2020.
             Was a Believer of Uskayaw.
             Demolished by a two-headed ogre
             ... wielding a +0 giant club
              (28 damage)
             ... on level 6 of the Dungeon.
             The game lasted 00:10:37 (8602 turns).

kae the Grappler (Red Draconian Transmuter)         Turns: 8602, Time: 00:10:37

Health: -18/64     AC:  2    Str: 15    XL:     9   Next: 62%
Magic:  26/27      EV: 19    Int: 14    God:    Uskayaw [**....]
Gold:   428        SH:  0    Dex: 17    Spells: 15/21 levels left

rFire    . . .     SeeInvis .     - Unarmed
rCold    . . .     Gourm    .   (shield currently unavailable)
rNeg     . . .     Faith    .   (armour unavailable)
rPois    .         Spirit   .   (helmet currently unavailable)
rElec    .         Reflect  .   (cloak currently unavailable)
rCorr    .         Harm     .   (gloves currently unavailable)
MR       .....                  (boots currently unavailable)
Stlth    ++........             (no amulet)
HPRegen  0.20/turn              o - ring of poison resistance
MPRegen  0.20/turn              n - ring of magical power

@: spider-form (expiring)
A: tiny, (breathe fire), unfitting armour, AC +7
a: End Transformation, Stomp, Line Pass, Renounce Religion


You were on level 6 of the Dungeon.
You worshipped Uskayaw.
Uskayaw was noncommittal.
You were not hungry.
You were a venomous arachnid creature.
You visited 1 branch of the dungeon, and saw 7 of its levels.
You also visited: Ossuary.

You collected 428 gold pieces.

Inventory:

Missiles
 a - 132 arrows
Armour
 e - a +0 cloak (melded)
Jewellery
 m - an uncursed ring of stealth
 n - a ring of magical power (right front leg)
 o - a ring of poison resistance (left front leg)
Wands
 d - a wand of flame (17)
Scrolls
 f - 2 scrolls of teleportation
 h - 3 scrolls of amnesia
 i - 13 scrolls of remove curse
 r - 2 scrolls of magic mapping
 s - 3 scrolls of enchant armour
 u - a scroll of fear
 y - a scroll of blinking
Potions
 b - a potion of stabbing
 g - 3 potions of lignification
 j - a potion of mutation
 k - a potion of flight
 l - 4 potions of degeneration {unknown}
 p - a potion of heal wounds
 q - 3 potions of curing
 t - a potion of ambrosia
 v - a potion of berserk rage {unknown}
 w - 3 potions of cancellation {unknown}
 x - 2 potions of resistance {unknown}
Comestibles
 c - 9 rations
 z - 2 chunks of flesh


   Skills:
 - Level 1.1 Fighting
 - Level 1.7 Dodging
 * Level 10.1 Unarmed Combat
 + Level 6.5 Spellcasting
 + Level 7.0 Transmutations


You had 15 spell levels left.
You knew the following spells:

 Your Spells              Type           Power        Failure   Level  Hunger
a - Beastly Appendage     Tmut           ###...       4%          1    None
b - Sticks to Snakes      Tmut           ###.....     6%          2    #......
c - Spider Form           Tmut/Pois      ##........   26%         3    ##.....

Your spell library contained the following spells:

 Spells                   Type           Power        Failure   Level  Hunger
 Blade Hands              Tmut           ###.......   43%         5    ######.
 Ice Form                 Ice/Tmut       ##......     56%         4    ####...


Dungeon Overview and Level Annotations

Branches:
Dungeon (7/15)             Temple (0/1) D:4         Ossuary (visited)

Altars:
Hepliaklqana
Kikubaaqudgha
Nemelex Xobeh
Trog
Uskayaw
Xom
Yredelemnul
Zin
The Shining One

Annotations:
D:2 1 runed translucent door
D:3 Sigmund


Innate Abilities, Weirdness & Mutations

((You can breathe blasts of fire.))
((Your fiery red scales are hard. (AC +7)))
You cannot fit into any form of body armour.
((Your flesh is heat resistant. (rF+)))
((You are cold-blooded and may be slowed by cold attacks.))


Message History

You hit the two-headed ogre but do no damage.
The two-headed ogre looks as sick as possible!
The two-headed ogre is heavily wounded.
The two-headed ogre hits you with a +0 giant club!
The two-headed ogre barely misses you.
You hit the two-headed ogre.
The two-headed ogre is severely wounded.
You hit the two-headed ogre.
The two-headed ogre looks as sick as possible!
The two-headed ogre is severely wounded.
The two-headed ogre closely misses you.
The two-headed ogre hits you with a +0 giant club!
You hit the two-headed ogre.
The two-headed ogre looks as sick as possible!
The two-headed ogre is severely wounded.
Your transformation is almost over.
The two-headed ogre hits you with a +0 giant club!
* * * LOW HITPOINT WARNING * * *
The two-headed ogre hits you with a +0 giant club!!
You die...

..#.......#........#
..'......##..###...#
..#..##..##..###...##
###..##..##....#....#
..........#....#....#
..........'....#....#
..##'########.####.##
..##.########.######
...........#...)s#
...........#...)O#
...........#.....#
..##.......#.....#
..##.......#.....#
..##...###.###..################
..########.######..............#
..................#............#
..................#.....<......#


You could see a two-headed ogre.

Vanquished Creatures
  4 sky beasts (D:6)
  An orc warrior (D:6)
  4 centaurs
  6 ogres
  A big kobold (D:4)
  6 bullfrogs (D:6)
  6 scorpions (Ossuary)
  3 howler monkeys
  2 centaur zombies (Ossuary)
  4 crimson imps
  3 human zombies (Ossuary)
  An orc priest (D:6)
  3 hounds (D:6)
  A jelly (D:5)
  A bullfrog skeleton (D:6)
  2 orc wizards
  A centaur skeleton (D:4)
  Terence (D:2)
  An iguana (D:5)
  4 worker ants
  5 big kobold zombies (Ossuary)
  A hound skeleton (D:5)
  3 mummies (Ossuary)
  Robin (D:3)
  8 adders
  A howler monkey skeleton (D:6)
  3 scorpion zombies (Ossuary)
  2 shadow imps (D:6)
  An ooze (D:6)
  2 adder skeletons (D:4)
  3 dart slugs
  6 leopard geckos
  8 orcs
  3 ball pythons
  3 giant cockroaches
  21 goblins
  6 hobgoblins
  11 jackals
  4 kobolds
  2 quokkas
  5 bats
  4 frilled lizards
  A goblin zombie (Ossuary)
  4 kobold zombies
  3 orc zombies (Ossuary)
  3 rats (D:3)
169 creatures vanquished.

Vanquished Creatures (others)
  5 dream sheep (D:3)
  2 scorpions (Ossuary)
  An orc zombie (Ossuary)
8 creatures vanquished.

Grand Total: 177 creatures vanquished

Notes
Turn   | Place    | Note
-------+----------+-------------------------------------------
     0 | D:1      | kae the Draconian Transmuter began the quest for the Orb.
     0 | D:1      | Reached XP level 1. HP: 16/16 MP: 3/3
   127 | D:1      | Reached XP level 2. HP: 14/23 MP: 3/5
   143 | D:1      | Learned a level 2 spell: Sticks to Snakes
   698 | D:2      | Reached XP level 3. HP: 9/28 MP: 3/6
   724 | D:2      | HP: 1/28 [poisoned by an adder]
  1385 | D:2      | Noticed Terence
  1393 | D:2      | Learned a level 3 spell: Spider Form
  1396 | D:2      | HP: 1/28 [Terence/+3 vorpal falchion (2)]
  1410 | D:2      | Killed Terence
  1410 | D:2      | Reached skill level 4 in Unarmed Combat
  1410 | D:2      | Reached XP level 4. HP: 14/35 MP: 1/7
  1603 | D:2      | You fall into a shaft and drop 1 floor!
  1821 | D:2      | Found a runed translucent door.
  1821 | D:2      | Noticed a human
  1975 | D:2      | Found a basalt altar of Yredelemnul.
  2039 | D:2      | Found a hazy altar of Hepliaklqana.
  2040 | D:2      | Found a shimmering altar of Xom.
  2040 | D:2      | Noticed a wyvern
  2041 | D:2      | Noticed a spectral ugly thing
  2041 | D:2      | Noticed a wyvern
  2084 | D:3      | Noticed Sigmund
  2227 | D:2      | Reached XP level 5. HP: 18/40 MP: 5/9
  2508 | D:3      | Noticed a dream sheep
  2508 | D:3      | Noticed a dream sheep
  2508 | D:3      | Noticed a dream sheep
  2508 | D:3      | Noticed a dream sheep
  2508 | D:3      | Noticed a dream sheep
  2508 | D:3      | Found a shimmering altar of Xom.
  2512 | D:3      | Killed a dream sheep
  2512 | D:3      | Killed a dream sheep
  2512 | D:3      | Killed a dream sheep
  2512 | D:3      | Killed a dream sheep
  2512 | D:3      | Killed a dream sheep
  2534 | D:3      | Noticed Robin
  2572 | D:3      | Killed Robin
  3025 | D:3      | Reached skill level 5 in Unarmed Combat
  3345 | D:4      | Found an ancient bone altar of Kikubaaqudgha.
  3352 | D:4      | Found a glowing golden altar of the Shining One.
  3357 | D:4      | Found a basalt altar of Yredelemnul.
  3368 | D:4      | Found a hide-covered altar of Uskayaw.
  3375 | D:4      | Found a sparkling altar of Nemelex Xobeh.
  3380 | D:4      | Found a glowing silver altar of Zin.
  3390 | D:4      | Found a bloodstained altar of Trog.
  3439 | D:4      | Reached XP level 6. HP: 37/47 MP: 6/11
  3480 | D:4      | Became a worshipper of Uskayaw the Reveler
  3637 | D:4      | Reached * piety under Uskayaw
  3639 | D:4      | Reached ** piety under Uskayaw
  3726 | D:4      | Found a staircase to the Ecumenical Temple.
  3919 | D:5      | Entered Level 5 of the Dungeon
  4072 | D:5      | Reached *** piety under Uskayaw
  4076 | D:5      | Reached **** piety under Uskayaw
  4141 | D:5      | Found a sand-covered staircase.
  4180 | Ossuary  | Entered an ossuary
  4199 | Ossuary  | Reached skill level 6 in Unarmed Combat
  4199 | Ossuary  | Your scales start taking on a fiery red colour.
  4199 | Ossuary  | Reached XP level 7. HP: 52/52 MP: 12/12
  4199 | Ossuary  | Gained mutation: Your flesh is heat resistant. (rF+) [Red
                  | Draconian growth]
  5058 | Ossuary  | Reached skill level 7 in Unarmed Combat
  5274 | Ossuary  | Reached XP level 8. HP: 48/59 MP: 14/14
  5371 | Ossuary  | Reached skill level 5 in Transmutations
  6004 | D:5      | Reached skill level 5 in Spellcasting
  6198 | D:6      | Reached skill level 8 in Unarmed Combat
  6459 | D:6      | HP: 2/59 [something (5)]
  6846 | D:6      | Reached XP level 9. HP: 53/64 MP: 17/17
  7000 | D:6      | Reached skill level 9 in Unarmed Combat
  8399 | D:6      | Reached skill level 10 in Unarmed Combat
  8592 | D:7      | Noticed a two-headed ogre
  8602 | D:6      | Demolished by a two-headed ogre

Levels and vault maps discovered:
D:1:      dpeg_arrival_rooms_b, layout_basic, corexii_item_surrounded_by_moat
D:2:      layout_rooms, regret_index_temple_of_mockery, first_ration,
          dk_yredelemnul_ordeal, uniq_terence
D:3:      layout_basic, kb_xom_exploding_sheep, uniq_sigmund, uniq_robin
D:4:      layout_rooms, grunt_temple_overflow_octagram, temple_green
D:5:      layout_cave_pools, nicolae_ossuary_entry_ruins
D:6:      layout_gridville, nzn_random_ring
D:7:      layout_basic, grunt_qazlal_clouds, uniq_harold

Skill      XL: |  1  2  3  4  5  6  7  8  9 |
---------------+----------------------------+-----
Unarmed Combat | 4 5 6 7 8 10 | 10.1
Transmutations | 3 4 6 7 |  7.0
Spellcasting   | 3 4 5 6 |  6.5
Fighting       | |  1.1
Dodging        | |  1.7

Action                   |  1- 3 |  4- 6 |  7- 9 || total
-------------------------+-------+-------+-------++-------
Melee: Unarmed           |    68 |   201 |   351 ||   620
       Tailslap          |     6 |     5 |    28 ||    39
       Kick              |     3 |     5 |    12 ||    20
       Punch             |     3 |       |    10 ||    13
       Headbutt          |     1 |     3 |     1 ||     5
 Cast: Beastly Appendage |    10 |    11 |     5 ||    26
       Sticks to Snakes  |     1 |       |       ||     1
       Spider Form       |     2 |    17 |    13 ||    32
Invok: Stomp             |       |       |     1 ||     1
 Abil: Breathe Fire      |       |       |    15 ||    15
Evoke: Wand              |       |     4 |       ||     4
  Use: Potion            |     2 |     2 |     1 ||     5
       Scroll            |       |    10 |     7 ||    17
 Stab: Paralysed         |       |       |     8 ||     8
  Eat: Chunk             |     2 |    12 |    11 ||    25
       Ration            |       |       |     2 ||     2
Armor: Skin              |    19 |    73 |    66 ||   158
Dodge: Dodged            |    47 |   180 |   231 ||   458

Table legend:
 A = Non-vault XP
 B = Vault XP
 C = Vault XP percentage of total XP
 D = Non-vault monster count
 E = Vault monster count
 F = Vault count percentage of total count
                 A         B        C        D         E       F
            +---------+---------+-------+---------+---------+-------
      Total |    2691 |    1825 |  40.4 |     111 |      58 |  34.3
            +---------+---------+-------+---------+---------+-------
        D:1 |      26 |       0 |   0.0 |      11 |       0 |   0.0
        D:2 |      93 |      37 |  28.5 |      11 |       2 |  15.4
        D:3 |     133 |      37 |  21.8 |      28 |      13 |  31.7
        D:4 |     228 |       0 |   0.0 |      11 |       0 |   0.0
        D:5 |     554 |       0 |   0.0 |      14 |       0 |   0.0
        D:6 |    1536 |     967 |  38.6 |      30 |      14 |  31.8
        D:7 |     121 |       0 |   0.0 |       6 |       0 |   0.0
    Ossuary |       0 |     784 | 100.0 |       0 |      29 | 100.0
            +---------+---------+-------+---------+---------+-------
